 Dungeon Sprint DCSS version 0.28-a0-872-g80cf8599ee (webtiles) character file.

Game seed: 17982038494204737996

92 tatocazan the Fighter (level 8, 70/71 HPs)
             Began as a Demonspawn Fighter on Nov 20, 2021.
             Was an Elder of Okawaru.
             Got out of the dungeon alive.
             The game lasted 00:06:08 (815 turns).

tatocazan the Fighter (Demonspawn Fighter)           Turns: 815, Time: 00:06:09

Health: 70/71      AC: 14    Str: 24    XL:     8   Next: 25%
Magic:  21/21      EV: 10    Int: 10    God:    Okawaru [****..]
Gold:   215        SH:  7    Dex: 18    Spells: 7/7 levels left

rFire   . . .      SeeInvis .   a - +0 war axe
rCold   . . .      Faith    .   c - +0 buckler
rNeg    . . .      Spirit   .   b - +0 scale mail
rPois   .          Reflect  .   (no helmet)
rElec   .          Harm     .   (no cloak)
rCorr   +          Rampage  .   (no gloves)
Will    .....      NoTele   +   (no boots)
Stlth   ..........              (no amulet)
HPRegen 0.21/turn               d - ring "Ekemieff" {MP+9 AC+4 Stlth+}
MPRegen 0.17/turn               p - ring "Titelim" {rCorr Str+5 Dex+6 Stlth-}

@: no status effects
A: thin metallic scales 1, (demonic guardian 3), demonic touch 1
a: Renounce Religion, Heroism, Finesse


You escaped.
You worshipped Okawaru.
Okawaru was greatly pleased with you.
You visited 1 branch You collected 350 gold pieces.
You spent 135 gold pieces at shops.

Inventory:

Hand Weapons
 a - a +0 war axe (weapon)
Armour
 b - a +0 scale mail (worn)
 c - a +0 buckler (worn)
Jewellery
 d - the ring "Ekemieff" (left hand) {MP+9 AC+4 Stlth+}
   (You bought it in a shop in the Dungeon)

   [ring of protection]

   AC:        It affects your AC (+4).
   MP:        It affects your magic capacity (+9).
   Stlth:     It makes you more stealthy.
 o - the ring of Afurag {Ice Str+2}
   (You bought it in a shop in the Dungeon)

   [ring of ice]

   It enhances your ice magic.
   Str:       It affects your strength (+2).
   rF:        It makes you vulnerable to fire.
   rC:        It protects you from cold.
 p - the ring "Titelim" (right hand) {rCorr Str+5 Dex+6 Stlth-}
   (You bought it in a shop in the Dungeon)

   [ring of resist corrosion]

   Str:       It affects your strength (+5).
   Dex:       It affects your dexterity (+6).
   rCorr:     It protects you from acid and corrosion.
   Stlth:     It makes you less stealthy.
Wands
 m - a wand of iceblast (3)
Scrolls
 j - 4 scrolls of blinking
 n - 3 scrolls of fog
Potions
 e - a potion of curing
 f - a potion of heal wounds
 g - 4 potions of haste
 h - 2 potions of magic
 k - a potion of resistance


   Skills:
 + Level 9.3 Fighting
 * Level 8.8 Axes
 + Level 8.5 Armour
 + Level 8.5 Shields
 * Level 5.7 Invocations


You had 7 spell levels left.
You didn't know any spells.
Your spell library was empty.

Dungeon Overview and Level Annotations

Branches:
Dungeon (1/1)

Altars:
Cheibriados
Dithmenos
Fedhas
Gozag
Kikubaaqudgha
Makhleb
Okawaru
Qazlal
Ru
Sif Muna
Trog
Uskayaw
Vehumet
Wu Jian
Xom
Yredelemnul
Zin
The Shining One
Beogh
Jiyva
Lugonu

Shops:
D *[??*?*:[((!!!!


Innate Abilities, Weirdness & Mutations

You are partially covered in thin metallic scales. (AC +2)
((A powerful demonic guardian rushes to your aid.))
Your touch may inflict minor irresistible damage on your foes.


Message History

notify_dgn_event: Lua error: [string "global_prelude"]:54: Not a monster spell: 'teleport self' notify_dgn_event: Lua error: [string "global_prelude"]:54: Not a monster spell: 'teleport self' notify_dgn_event: Lua error: [string "global_prelude"]:54: Not a monster spell: 'teleport self' notify_dgn_event: Lua error: [string "global_prelude"]:54: Not a monster spell: 'teleport self' notify_dgn_event: Lua error: [string "global_prelude"]:54: Not a monster spell: 'teleport self' notify_dgn_event: Lua error: [string "global_prelude"]:54: Not a monster spell: 'teleport self' notify_dgn_event: Lua error: [string "global_prelude"]:54: Not a monster spell: 'teleport self' notify_dgn_event: Lua error: [string "global_prelude"]:54: Not a monster spell: 'teleport self' notify_dgn_event: Lua error: [string "global_prelude"]:54: Not a monster spell: 'teleport self' notify_dgn_event: Lua error: [string "global_prelude"]:54: Not a monster spell: 'teleport self'
There is a sacrificial altar of Ru here. notify_dgn_event: Lua error: [string "global_prelude"]:54: Not a monster spell: 'teleport self'
There is a shimmering altar of Xom here. notify_dgn_event: Lua error: [string "global_prelude"]:54: Not a monster spell: 'teleport self'
There is a blossoming altar of Fedhas here. notify_dgn_event: Lua error: [string "global_prelude"]:54: Not a monster spell: 'teleport self' notify_dgn_event: Lua error: [string "global_prelude"]:54: Not a monster spell: 'teleport self' notify_dgn_event: Lua error: [string "global_prelude"]:54: Not a monster spell: 'teleport self' notify_dgn_event: Lua error: [string "global_prelude"]:54: Not a monster spell: 'teleport self' notify_dgn_event: Lua error: [string "global_prelude"]:54: Not a monster spell: 'teleport self' notify_dgn_event: Lua error: [string "global_prelude"]:54: Not a monster spell: 'teleport self' notify_dgn_event: Lua error: [string "global_prelude"]:54: Not a monster spell: 'teleport self' notify_dgn_event: Lua error: [string "global_prelude"]:54: Not a monster spell: 'teleport self' notify_dgn_event: Lua error: [string "global_prelude"]:54: Not a monster spell: 'teleport self' notify_dgn_event: Lua error: [string "global_prelude"]:54: Not a monster spell: 'teleport self' notify_dgn_event: Lua error: [string "global_prelude"]:54: Not a monster spell: 'teleport self' Unknown command. notify_dgn_event: Lua error: [string "global_prelude"]:54: Not a monster spell: 'teleport self' notify_dgn_event: Lua error: [string "global_prelude"]:54: Not a monster spell: 'teleport self' notify_dgn_event: Lua error: [string "global_prelude"]:54: Not a monster spell: 'teleport self' notify_dgn_event: Lua error: [string "global_prelude"]:54: Not a monster spell: 'teleport self' notify_dgn_event: Lua error: [string "global_prelude"]:54: Not a monster spell: 'teleport self' notify_dgn_event: Lua error: [string "global_prelude"]:54: Not a monster spell: 'teleport self' notify_dgn_event: Lua error: [string "global_prelude"]:54: Not a monster spell: 'teleport self' notify_dgn_event: Lua error: [string "global_prelude"]:54: Not a monster spell: 'teleport self' notify_dgn_event: Lua error: [string "global_prelude"]:54: Not a monster spell: 'teleport self'
There is a staircase leading out of the dungeon here.
Are you sure you want to leave the Dungeon?
This will make you lose the game! notify_dgn_event: Lua error: [string "global_prelude"]:54: Not a monster spell: 'teleport self' You have escaped!

#_......._# ###.........###
#⌠..........[⌠#
######.8.........8.######
##.___......###......_._∩##
###∩........8.# #.8........∩###
##.............###.............##
#⌠..........###...###..........⌠#
#⌠..........# #.@.# #..........⌠#
#⌠..........###...###..........⌠#
##.............###.............##
###∩........8.# #.8........∩###
##∩___......###......___∩##
######.8.........8.######
#⌠...........⌠# ###.........###
#_......._#


There were no monsters in sight!

Vanquished Creatures
  2 jumping spiders (D)
  Sigmund (D)
  5 sky beasts (D)
  2 scorpions (D)
  A quasit (D)
  An iron imp (D)
  An adder (D)
  A shadow imp (D)
  A white imp (D)
  2 ufetubi (D)
  A worm (D)
  2 endoplasms (D)
20 creatures vanquished.

Notes
Turn   | Place    | Note
-------+----------+-------------------------------------------
     0 | D        | tatocazan the Demonspawn Fighter began the quest for the
                  | Orb.
     0 | D        | Reached XP level 1. HP: 18/18 MP: 1/1
     1 | D        | Found a corrupted altar of Lugonu.
     2 | D        | Found a bloodstained altar of Trog.
     3 | D        | Found an opulent altar of Gozag.
     4 | D        | Found an ancient bone altar of Kikubaaqudgha.
     4 | D        | Found a shimmering blue altar of Sif Muna.
     4 | D        | Found Daheif's Staff Store.
     4 | D        | Found Orauttir's Magic Scroll Shop.
     5 | D        | Found Jopham's Must-Have Magic.
     5 | D        | Found Yshreidgh's Magic Scroll Shop.
     5 | D        | Round 1.
     8 | D        | Found a radiant altar of Vehumet.
     9 | D        | Found a viscous altar of Jiyva.
    10 | D        | Found a snail-covered altar of Cheibriados.
    11 | D        | Found a blossoming altar of Fedhas.
    11 | D        | Found a shimmering altar of Xom.
    11 | D        | Found a sacrificial altar of Ru.
    11 | D        | Found Umarear's Identification Station.
    12 | D        | Found Laxoacez's Jewellery.
    12 | D        | Found Jeefal's Advanced Armour.
    15 | D        | Found a stormy altar of Qazlal.
    17 | D        | Found an ornate altar of the Wu Jian Council.
    18 | D        | Found a burning altar of Makhleb.
    18 | D        | Found a basalt altar of Yredelemnul.
    18 | D        | Found Amakaux's Premium Goods.
    18 | D        | Found Equhemmo's Weapon Rack.
    19 | D        | Found Erua's Miscellaneous Merchandise.
    19 | D        | Found Nojissot's Basic Armour.
    22 | D        | Found a hide-covered altar of Uskayaw.
    23 | D        | Found a shadowy altar of Dithmenos.
    24 | D        | Found an iron altar of Okawaru.
    25 | D        | Found Reifomyl's Do-It-Yourself Clinic.
    25 | D        | Found Vaph's Distillery.
    26 | D        | Found Aboiwom's Bottled Wisdom.
    26 | D        | Found Wuogori's Distillery.
    32 | D        | Became a worshipper of Warmaster Okawaru
    52 | D        | Noticed Sigmund
    64 | D        | Killed Sigmund
    64 | D        | Reached * piety under Okawaru
    64 | D        | Reached ** piety under Okawaru
    65 | D        | Reached skill level 6 in Fighting
    65 | D        | Reached skill level 5 in Axes
    65 | D        | Reached skill level 5 in Armour
    65 | D        | Reached skill level 5 in Shields
    65 | D        | Gained mutation: A weak demonic guardian rushes to your
                  | aid. [demonic ancestry]
    65 | D        | Reached XP level 2. HP: 14/28 MP: 2/2
    65 | D        | Gained mutation: You are partially covered in thin metallic
                  | scales. (AC +2) [demonic ancestry]
    65 | D        | Reached XP level 3. HP: 17/34 MP: 3/3
    65 | D        | Reached XP level 4. HP: 20/40 MP: 4/4
    65 | D        | Gained mutation: A demonic guardian rushes to your aid.
                  | [demonic ancestry]
    65 | D        | Reached XP level 5. HP: 23/46 MP: 5/5
   107 | D        | Bought a clouded lapis lazuli ring for 45 gold pieces
   107 | D        | Identified the ring "Ekemieff" {MP+9 AC+4 Stlth+} (You
                  | bought it in a shop in the Dungeon)
   107 | D        | Bought an ancient bronze ring for 45 gold pieces
   107 | D        | Identified the ring of Afurag {Ice Str+2} (You bought it in
                  | a shop in the Dungeon)
   108 | D        | Bought a clouded silver ring for 45 gold pieces
   108 | D        | Identified the ring "Titelim" {rCorr Str+5 Dex+6 Stlth-}
                  | (You bought it in a shop in the Dungeon)
   137 | D        | Arena points: 12 (+12) [x2]
   182 | D        | Round 2.
   308 | D        | Arena points: 54 (+42) [x3]
   364 | D        | Round 3.
   366 | D        | Noticed a sky beast
   376 | D        | Killed a sky beast
   377 | D        | Reached skill level 7 in Fighting
   377 | D        | Reached XP level 6. HP: 43/55 MP: 6/6
   489 | D        | Noticed a sky beast
   489 | D        | Noticed a sky beast
   489 | D        | Noticed a sky beast
   490 | D        | Noticed a sky beast
   498 | D        | Killed a sky beast
   501 | D        | Killed a sky beast
   502 | D        | Reached skill level 8 in Fighting
   502 | D        | Gained mutation: A powerful demonic guardian rushes to your
                  | aid. [demonic ancestry]
   502 | D        | Reached XP level 7. HP: 53/62 MP: 7/7
   503 | D        | Reached *** piety under Okawaru
   544 | D        | Noticed a wind drake
   546 | D        | Arena points: 72 (+18) [x1]
   561 | D        | Round 4.
   570 | D        | Noticed a jumping spider
   585 | D        | Noticed a jumping spider
   588 | D        | Killed a jumping spider
   589 | D        | Reached skill level 9 in Fighting
   595 | D        | Killed a jumping spider
   596 | D        | Reached skill level 5 in Invocations
   596 | D        | Gained mutation: Your touch may inflict minor irresistible
                  | damage on your foes. [demonic ancestry]
   596 | D        | Reached XP level 8. HP: 27/71 MP: 11/11
   701 | D        | Reached **** piety under Okawaru
   704 | D        | Noticed a jumping spider
   706 | D        | Arena points: 92 (+20) [x1]
   721 | D        | Round 5.
   815 | D        | Got out of the dungeon alive.

Illustrated notes

Levels and vault maps discovered:
D:        arena_sprint

Skill      XL: |  1  2  3  4  5  6  7 |
---------------+----------------------+-----
Axes           | 5 6 7 8 |  8.8
Armour         | 5 6 7 8 |  8.5
Shields        | 5 6 7 8 |  8.5
Fighting       | 6 7 8 9 |  9.3
Invocations    | 5 |  5.7

Action                   |  1- 3 |  4- 6 |  7- 9 || total
-------------------------+-------+-------+-------++-------
Melee: War axe           |    12 |    53 |    20 ||    85
Evoke: Wand              |       |       |     7 ||     7
  Use: Potion            |     2 |     1 |     2 ||     5
Armor: Scale mail        |     1 |    52 |    19 ||    72
Dodge: Dodged            |     2 |    30 |    20 ||    52
Block: Buckler           |     2 |    23 |     8 ||    33

Table legend: (Time is in decaauts)
 A = Elapsed time spent in this place.
 B = Non-inter-level travel time spent in this place.
 C = Inter-level travel time spent in this place.
 D = Time resting spent in this place.
 E = Time spent auto-exploring this place.
 F = Levels seen in this place.
 G = Mean time per level.
                   A        B        C        D        E       F      G
               +--------+--------+--------+--------+--------+-----+--------+
         Total |    839 |    839 |      0 |    281 |    156 |   1 |  839.0 |
       Dungeon |    839 |    839 |      0 |    281 |    156 |   1 |  839.0 |
               +--------+--------+--------+--------+--------+-----+--------+

Top non-repeatable levels by time:
       D: 839 daAuts
